 Dungeon Crawl Stone Soup version 0.29.0-7-g18a832c13a (webtiles) character file.

Game seed: 15622658589301017409

219 Renzlar the Shield-Bearer (level 5, -6/47 HPs)
             Began as a Gnoll Fighter on Aug 31, 2022.
             Mangled by a hornet (14 damage)
             ... on level 4 of the Dungeon.
             The game lasted 00:07:11 (2774 turns).

Renzlar the Shield-Bearer (Gnoll Fighter)           Turns: 2774, Time: 00:07:12

Health: -6/47      AC:  9    Str: 17    XL:     5   Next: 96%
Magic:  7/7        EV:  9    Int:  7    God:
Gold:   140        SH:  5    Dex: 12    Spells: 7/7 levels left

rFire   . . .      SeeInvis .   a - +1 war axe
rCold   . . .      Faith    .   f - +0 buckler
rNeg    . . .      Spirit   .   b - +0 scale mail
rPois   .          Reflect  .   i - +0 helmet
rElec   .          Harm     .   (no cloak)
rCorr   .          Rampage  .   (no gloves)
Will    .....                   (no boots)
Stlth   ..........              (no amulet)
HPRegen 0.15/turn               (no ring)
MPRegen 0.10/turn               (no ring)

@: lethally poisoned (-6 -> -9), slowed, very slow
A: fangs 1, strong nose, distributed training
a: no special abilities


You were on level 4 of the Dungeon.
You visited 1 branch of the dungeon, and saw 4 of its levels.

You collected 140 gold pieces.

Inventory:

Hand Weapons
 a - a +1 war axe (weapon)
 c - a +0 sling
Armour
 b - a +0 scale mail (worn)
 f - a +0 buckler (worn)
 i - a +0 helmet (worn)
Potions
 d - 2 potions of might
 e - a potion of mutation {unknown}
 g - a potion of lignification {unknown}
 h - a potion of attraction {unknown}
 k - a potion of curing {unknown}


   Skills:
 + Level 6.8 Fighting
 + Level 1.8 Short Blades
 + Level 1.8 Long Blades
 + Level 4.9 Axes
 + Level 1.8 Maces & Flails
 + Level 1.8 Polearms
 + Level 1.8 Staves
 + Level 1.8 Ranged Weapons
 + Level 1.8 Throwing
 + Level 6.8 Armour
 + Level 1.8 Dodging
 + Level 1.8 Stealth
 + Level 6.8 Shields
 + Level 1.8 Unarmed Combat
 + Level 1.8 Spellcasting
 + Level 1.4 Conjurations
 + Level 1.4 Hexes
 + Level 1.4 Summonings
 + Level 1.4 Necromancy
 + Level 1.4 Translocations
 + Level 1.4 Transmutations
 + Level 1.4 Fire Magic
 + Level 1.4 Ice Magic
 + Level 1.4 Air Magic
 + Level 1.4 Earth Magic
 + Level 1.4 Poison Magic
 + Level 2.0 Invocations
 + Level 1.8 Evocations


You had 7 spell levels left.
You didn't know any spells.
Your spell library was empty.

Dungeon Overview and Level Annotations

Branches:
Dungeon (4/15)
 Temple: D:4-7

Altars:


Innate Abilities, Weirdness & Mutations

You have very sharp teeth.
Your uncanny sense of smell can sniff out nearby items.
Your experience applies equally to all skills.


Message History

You now have 140 gold pieces (gained 14).
Found a mace.
A quokka comes into view.
Your line of fire to the quokka is blocked by a plant.
You shoot a sling bullet.
The sling bullet hits the quokka but does no damage.
a - a +1 war axe (weapon)
The quokka bites you.
You closely miss the quokka. You hit the plant.
The plant begins to die.
You hit the plant.
The plant begins to die.
The quokka closely misses you.
You slash the quokka!
You kill the quokka!
You hit the plant. You slash the plant!
c - a +0 sling (weapon)
A nearby plant withers and dies.
A nearby plant withers and dies.
A hornet comes into view.
Your line of fire to the hornet is blocked by a plant.
You shoot a sling bullet.
The sling bullet hits the hornet but does no damage.
The hornet stings you!
You are poisoned.
You feel yourself slow down.
a - a +1 war axe (weapon)
You feel sick. The hornet stings you!
You feel as though you will be slow longer.
You closely miss the hornet. Your bite misses the hornet. You hit the plant.
The plant begins to die.
You hit the plant but do no damage.
You feel very sick. The hornet completely misses you. The hornet stings you.
You feel as though you will be slow longer.
The hornet barely misses you.
You closely miss the hornet. You hit the plant.
The plant begins to die.
You hit the plant.
You feel very sick.
A nearby plant withers and dies.
The hornet stings you.
* * * LOW HITPOINT WARNING * * *
You feel as though you will be slow longer.
The hornet stings you!
You die...

##..###)..PP... ♣.
♣.#P♣....♣♣..♣♣# P
..♣♣♣..♣♣♣....♣§
♣..PP♣..♣.......PP♣♣.P
♣P♣. ♣.♣P♣♣.♣♣♣.♣.§§P
♣♣P.♣♣.P.8P♣.♣....♣.♣
.PPP.♣......PP.P.§♣.♣
♣.P♣...8.⌠.8.♣♣......
♣..P.y@...)..P♣..♣.
♣..♣♣..P8...♣.♣..♣♣
... ♣♣♣.P♣♣♣..†.♣.♣ .
♣..♣..P.♣....♣♣
♣P♣.♣♣.♣♣♣.♣♣♣♣
♣♣♣....♣P♣....♣
♣.PP♣♣♣..##..♣♣ ∆
♣P..#♣♣.♣####♣♣ ###.
###


You could see a hornet.

Vanquished Creatures
  An ogre (D:3)
  4 adders
  A worm (D:3)
  4 dart slugs
  3 orcs (D:3)
  4 ball pythons
  4 bats
  8 endoplasms
  A giant cockroach (D:2)
  11 goblins
  6 hobgoblins
  7 jackals (D:1)
  6 quokkas
  5 frilled lizards
  6 kobolds
  A rat (D:2)
72 creatures vanquished.

Vanquished Creatures (collateral kills)
  A goblin (D:2)
1 creature vanquished.

Vanquished Creatures (others)
  9 plants (D:4)
9 creatures vanquished.

Grand Total: 82 creatures vanquished

Notes
Turn   | Place    | Note
-------+----------+-------------------------------------------
     0 | D:1      | Renzlar the Gnoll Fighter began the quest for the Orb.
     0 | D:1      | Reached XP level 1. HP: 23/23 MP: 1/1
   211 | D:1      | Reached XP level 2. HP: 29/29 MP: 2/2
   509 | D:1      | Reached XP level 3. HP: 34/35 MP: 3/3
   563 | D:1      | Reached skill level 1 in Invocations
   634 | D:1      | Found a faded altar of an unknown god.
   983 | D:2      | Reached skill level 1 in Short Blades
   983 | D:2      | Reached skill level 1 in Long Blades
   983 | D:2      | Reached skill level 1 in Maces & Flails
   983 | D:2      | Reached skill level 1 in Polearms
   983 | D:2      | Reached skill level 1 in Staves
   983 | D:2      | Reached skill level 1 in Ranged Weapons
   983 | D:2      | Reached skill level 1 in Throwing
   983 | D:2      | Reached skill level 1 in Dodging
   983 | D:2      | Reached skill level 1 in Stealth
   983 | D:2      | Reached skill level 1 in Unarmed Combat
   983 | D:2      | Reached skill level 1 in Spellcasting
   983 | D:2      | Reached skill level 1 in Evocations
  1111 | D:2      | Reached XP level 4. HP: 41/41 MP: 5/5
  1196 | D:2      | Reached skill level 1 in Conjurations
  1196 | D:2      | Reached skill level 1 in Hexes
  1196 | D:2      | Reached skill level 1 in Summonings
  1196 | D:2      | Reached skill level 1 in Necromancy
  1196 | D:2      | Reached skill level 1 in Translocations
  1196 | D:2      | Reached skill level 1 in Transmutations
  1196 | D:2      | Reached skill level 1 in Fire Magic
  1196 | D:2      | Reached skill level 1 in Ice Magic
  1196 | D:2      | Reached skill level 1 in Air Magic
  1196 | D:2      | Reached skill level 1 in Earth Magic
  1196 | D:2      | Reached skill level 1 in Poison Magic
  2503 | D:4      | Reached XP level 5. HP: 47/47 MP: 7/7
  2508 | D:4      | Noticed an ogre
  2523 | D:3      | Killed an ogre
  2769 | D:4      | Noticed a hornet
  2774 | D:4      | Mangled by a hornet

Illustrated notes

Levels and vault maps discovered:
D:1:      erik_arrival_triangle_large, layout_loops_ring,
          chequers_ecumenical_altar_island, chequers_garden
D:2:      layout_basic
D:3:      layout_basic
D:4:      wad_woods_tower, layout_basic, minitemple,
          mainiacjoe_overflow_cross_hatched

Skill      XL: |  1  2  3  4  5 |
---------------+----------------+-----
Invocations    | 1 2 |  2.0
Short Blades   | 1 |  1.8
Long Blades    | 1 |  1.8
Maces & Flails | 1 |  1.8
Polearms       | 1 |  1.8
Staves         | 1 |  1.8
Ranged Weapons | 1 |  1.8
Throwing       | 1 |  1.8
Dodging        | 1 |  1.8
Stealth        | 1 |  1.8
Unarmed Combat | 1 |  1.8
Spellcasting   | 1 |  1.8
Evocations     | 1 |  1.8
Conjurations   | 1 |  1.4
Hexes          | 1 |  1.4
Summonings     | 1 |  1.4
Necromancy     | 1 |  1.4
Translocations | 1 |  1.4
Transmutations | 1 |  1.4
Fire Magic     | 1 |  1.4
Ice Magic      | 1 |  1.4
Air Magic      | 1 |  1.4
Earth Magic    | 1 |  1.4
Poison Magic   | 1 |  1.4
Fighting       | |  6.8
Axes           | |  4.9
Armour         | |  6.8
Shields        | |  6.8

Action                   |  1- 3 |  4- 6 || total
-------------------------+-------+-------++-------
Melee: War axe           |    90 |    67 ||   157
       Bite              |     8 |     4 ||    12
 Fire: Sling             |    19 |    56 ||    75
  Use: Scroll            |     3 |     4 ||     7
Armor: Scale mail        |    40 |    25 ||    65
Dodge: Dodged            |    51 |    32 ||    83
Block: Buckler           |    23 |    18 ||    41
